 Dungeon Crawl Stone Soup version 0.29-a0-352-g0917bc69df (webtiles) character file.

Game seed: 12431816800191763481

69 kevlar127 the Ruffian (level 4, 0/45 HPs)
             Began as a Troll Berserker on Apr 23, 2022.
             Was a Believer of Trog.
             Killed from afar by an orc wizard (6 damage)
             ... with a magic dart
             ... on level 3 of the Dungeon.
             The game lasted 00:03:11 (1662 turns).

kevlar127 the Ruffian (Troll Berserker)             Turns: 1662, Time: 00:03:11

Health: 0/45       AC:  4    Str: 27    XL:     4   Next: 2%
Magic:  3/3        EV: 10    Int:  3    God:    Trog [**....]
Gold:   104        SH:  0    Dex:  9    Spells: 3/3 levels left

rFire   . . .      SeeInvis .     - Unarmed
rCold   . . .      Faith    .   (no shield)
rNeg    . . .      Spirit   .   a - +0 animal skin
rPois   .          Reflect  .   (helmet restricted)
rElec   .          Harm     .   (no cloak)
rCorr   .          Rampage  .   (gloves unavailable)
Will    .....                   (boots unavailable)
Stlth   +.........              (no amulet)
HPRegen 0.95/turn               (no ring)
MPRegen 0.08/turn               (no ring)

@: confused
A: large, unfitting armour, claws 3, regeneration 1, shaggy fur 1, tough skin 1
a: Renounce Religion, Berserk, Trog's Hand


You were on level 3 of the Dungeon.
You worshipped Trog.
Trog was pleased with you.
You visited 1 branch of the dungeon, and saw 3 of its levels.

You collected 104 gold pieces.

Inventory:

Missiles
 k - 29 stones (quivered)
Armour
 a - a +0 animal skin (worn)
Scrolls
 b - 2 scrolls of teleportation {unknown}
 c - 4 scrolls of identify {unknown}
 e - a scroll of enchant armour {unknown}
 f - a scroll of amnesia {unknown}
 h - 2 scrolls of magic mapping {unknown}
 j - a scroll of vulnerability {unknown}
Potions
 d - a potion of flight {unknown}
 g - a potion of invisibility {unknown}
 i - a potion of berserk rage {unknown}
 l - 2 potions of might {unknown}


   Skills:
 + Level 3.0 Fighting
 + Level 3.0 Dodging
 + Level 3.7 Unarmed Combat


You had 3 spell levels left.
You didn't know any spells.
Your spell library was empty.

Dungeon Overview and Level Annotations

Branches:
Dungeon (3/15)

Altars:
Zin

Shops:
D:2 :


Innate Abilities, Weirdness & Mutations

You are too large for most types of armour.
You have claws for hands.
Your natural rate of healing is unusually fast.
You are covered in fur. (AC +1)
You have tough skin. (AC +1)


Message History

Something hits you.
* * * LOW HITPOINT WARNING * * *
You're too confused to move!
Something hits you.
* * * LOW HITPOINT WARNING * * *
The orc hits you with a +0 club.
* * * LOW HITPOINT WARNING * * *
You claw the orc!
The orc is almost dead.
Something hits you but does no damage. The orc hits you with a +0 club.
* * * LOW HITPOINT WARNING * * *
You are too confused!
You hear some strange, mumbled words.
Something tries to affect you, but you resist.
You bump into the rock wall.
You feel less confused. The orc hits you but does no damage.
The orc attacks as you move away! The orc misses you.
You hear some strange, mumbled words.
A puff of flame appears from out of thin air!
The puff of flame hits you.
* * * LOW HITPOINT WARNING * * *
You closely miss something. Your claw misses something. Something hits you.
* * * LOW HITPOINT WARNING * * *
The orc barely misses you.
You scratch the orc.
You kill the orc!
Trog accepts your kill. Something hits you.
* * * LOW HITPOINT WARNING * * *
You have reached level 4!
You miss something. Something hits you but does no damage.
You claw something!
You hear some strange, mumbled words.
You are confused.
You bump into the rock wall.
Something hits you.
* * * LOW HITPOINT WARNING * * *
You hear some strange, mumbled words.
A magic dart appears from out of thin air!
The magic dart hits you.
You die...

#.....#
#.####### ###
#..##... #..
##...#.# #.#
#.)....+ +...
##...#.# ##.#
#..##.# #..
###..{..# ###
#....)@.#
#.#.##........
#.#.###(#.###.
# #.. .#.# #..
.. # ### .##
.# ##


There were no monsters in sight!

Vanquished Creatures
  An adder (D:2)
  A worm (D:2)
  A dart slug (D:1)
  7 orcs (D:3)
  2 endoplasms (D:1)
  6 giant cockroaches
  2 goblins (D:2)
  4 hobgoblins
  3 jackals (D:1)
  3 quokkas
  3 ball pythons
  4 bats
  A frilled lizard (D:1)
  4 kobolds
  A rat (D:2)
43 creatures vanquished.

Vanquished Creatures (others)
  A plant (D:2)
1 creature vanquished.

Grand Total: 44 creatures vanquished

Notes
Turn   | Place    | Note
-------+----------+-------------------------------------------
     0 | D:1      | kevlar127 the Troll Berserker began the quest for the Orb.
     0 | D:1      | Reached XP level 1. HP: 22/22 MP: 0/0
   101 | D:1      | Reached XP level 2. HP: 25/29 MP: 1/1
   359 | D:1      | Found a faded altar of an unknown god.
   796 | D:2      | Reached ** piety under Trog
   810 | D:2      | Found Ehenas's Book Shop.
   835 | D:2      | Reached XP level 3. HP: 33/36 MP: 2/2
  1189 | D:2      | Found a glowing silver altar of Zin.
  1659 | D:3      | Reached XP level 4. HP: 3/45 MP: 3/3
  1662 | D:3      | Killed from afar by an orc wizard

Illustrated notes

Levels and vault maps discovered:
D:1:      amcnicky_arrival_underground_garden, layout_basic,
          ebering_ecumenical_altar_rust
D:2:      cheibrodos_old_hovel, layout_basic, serial_shops,
          nicolae_shop_temple_entry_statues_fountains, basic_altar,
          kennysheep_generic_room_6
D:3:      layout_loops_corners, general_overflow_altar, minmay_ogre_servants

Skill      XL: |  1  2  3 |
---------------+----------+-----
Fighting       | 3 |  3.0
Dodging        | 3 |  3.0
Unarmed Combat | |  3.7

Action                   |  1- 3 |  4- 6 || total
-------------------------+-------+-------++-------
Melee: Unarmed           |    99 |     2 ||   101
       Punch             |     2 |       ||     2
Armor: Animal skin       |    41 |     1 ||    42
Dodge: Dodged            |    54 |       ||    54

Table legend: (Time is in decaauts)
 A = Elapsed time spent in this place.
 B = Non-inter-level travel time spent in this place.
 C = Inter-level travel time spent in this place.
 D = Time resting spent in this place.
 E = Time spent auto-exploring this place.
 F = Levels seen in this place.
 G = Mean time per level.
                   A        B        C        D        E       F      G
               +--------+--------+--------+--------+--------+-----+--------+
         Total |   1655 |   1540 |    115 |      0 |   1281 |   3 |  551.7 |
       Dungeon |   1655 |   1540 |    115 |      0 |   1281 |   3 |  551.7 |
               +--------+--------+--------+--------+--------+-----+--------+

Top non-repeatable levels by time:
     D:1: 715 daAuts
     D:2: 691 daAuts
     D:3: 248 daAuts
